[Event "Titled Tuesday Blitz November 14 Late 2023"]
[White "Romero Ruscalleda, Josep"]
[Black "Reprintsev, Alexander"]
[WhiteFideId "2231859"]
[BlackFideId "14100541"]
[WhiteElo "2325"]
[BlackElo "2483"]
[Result "0-1"]
[Round "8"]
[TimeControl "180+1"]
[Date "2023.11.14"]
[WhiteClock "0:01:00"]
[BlackClock "0:01:09"]
[Board "97"]

1. e4 d5 2. exd5 Qxd5 3. Nf3 Bg4 4. Be2 Nc6 5. O-O O-O-O 6. h3 Bf5 7. d3 e5 8. Be3 Nf6 9. Nc3 Qd7 10. a3 Bd6 11. Nb5 h6 12. Nxa7+ Nxa7 13. Bxa7 Bxh3 14. Nh2 Be6 15. Be3 Nd5 16. Bd2 f5 17. c4 Nf4 18. Bxf4 exf4 19. Nf3 g5 20. d4 g4 21. Ne5 Bxe5 22. dxe5 Qc6 23. Qc1 f3 24. Bd1 fxg2 25. Re1 h5 26. b4 h4 27. b5 Qxc4 28. Kxg2 h3+ 29. Kh2 Qd4 30. Qe3 Qxa1 31. Qa7 Qd4 32. Re3 Qxa7 0-1


[Site "https://www.chess.com"]

[Event "Titled Tuesday Blitz November 14 Late 2023"]
[White "rikchessmx"]
[Black "Martin Barcelo, Carles"]
[BlackFideId "24561444"]
[WhiteElo "2323"]
[BlackElo "2454"]
[Result "1/2-1/2"]
[Round "8"]
[TimeControl "180+1"]
[Date "2023.11.14"]
[WhiteClock "0:00:18"]
[BlackClock "0:01:15"]
[Board "98"]

1. e4 Nc6 2. d4 d6 3. f3 g6 4. Bc4 Bg7 5. Ne2 e6 6. Bb3 Nge7 7. Nbc3 d5 8. Be3 O-O 9. Qd2 Na5 10. h4 c5 11. dxc5 Qc7 12. Nb5 Qc6 13. Ned4 Qd7 14. Qxa5 e5 15. Ne2 a6 16. Nc7 Nc6 17. Qb6 d4 18. O-O-O Rb8 19. c3 Rd8 20. cxd4 exd4 21. Bg5 Rf8 22. Nd5 Re8 23. Nf6+ Bxf6 24. Bxf6 Re6 25. e5 Re8 26. h5 Qf5 27. Bc2 Qe6 28. Nxd4 Nxd4 29. Rxd4 Bd7 30. hxg6 fxg6 31. Rf4 Qxa2 32. Bb3+ Qxb3 33. Qxb3+ Be6 34. Qc3 Rbc8 35. Rfh4 h5 36. g4 b6 37. c6 Rc7 38. Kb1 Rec8 39. Qe3 Rxc6 40. Qg5 Kf7 41. gxh5 Bf5+ 42. Ka1 Rc5 43. hxg6+ Ke6 44. b3 Ra5+ 45. Kb2 Rc2+ 46. Kb1 Raa2 47. Qxf5+ Kxf5 48. e6 Kxf6 49. g7 Kxg7 50. e7 Kf7 51. Re4 Rab2+ 52. Ka1 Ra2+ 53. Kb1 Rab2+ 54. Ka1 Ra2+ 55. Kb1 1/2-1/2


[Site "https://www.chess.com"]

[Event "Titled Tuesday Blitz November 14 Late 2023"]
[White "Estrada Nieto, Julian"]
[Black "Cooper, Aaron"]
[WhiteFideId "5101018"]
[BlackFideId "2634945"]
[WhiteElo "2424"]
[BlackElo "2294"]
[Result "1-0"]
[Round "8"]
[TimeControl "180+1"]
[Date "2023.11.14"]
[WhiteClock "0:00:33"]
[BlackClock "0:00:00"]
[Board "99"]

1. e4 c5 2. Nf3 d6 3. d4 cxd4 4. Qxd4 Nc6 5. Bb5 Bd7 6. Bxc6 Bxc6 7. Nc3 Nf6 8. Bg5 Qa5 9. O-O-O h6 10. Bxf6 gxf6 11. Kb1 Rg8 12. g3 Bg7 13. Nd5 f5 14. e5 Bxd5 15. Qxd5 Qxd5 16. Rxd5 dxe5 17. Re1 e4 18. Nh4 e6 19. Rb5 O-O-O 20. Ng2 Rd2 21. Rf1 Rgd8 22. a3 Rd1+ 23. Rxd1 Rxd1+ 24. Ka2 Rd2 25. Nf4 Rxc2 26. Rb3 Kc7 27. Nh3 Kc6 28. Kb1 Re2 29. Kc1 a5 30. a4 b6 31. Rb5 e3 32. fxe3 Rxe3 33. Kd2 Re4 34. b3 Rd4+ 35. Ke2 Rd5 36. Rxd5 Kxd5 37. Kd3 Kc5 38. Nf4 Kb4 39. Kc2 Bf6 40. Nd3+ Ka3 41. Nf4 Bg5 42. Nd3 Be3 43. Ne5 f6 44. Nc4+ Kb4 45. Nxe3 b5 46. axb5 Kxb5 47. Kc3 a4 48. bxa4+ Kxa4 49. Kc4 Ka3 50. Kc5 Kb2 51. Kd6 Kc3 52. Kxe6 f4 53. gxf4 Kd4 54. Ng2 Ke4 55. Kxf6 Kf3 56. Kg6 Kxg2 57. f5 1-0


[Site "https://www.chess.com"]

[Event "Titled Tuesday Blitz November 14 Late 2023"]
[White "Cardozo Munar, Carlos Eduardo"]
[Black "Akhayan, Ruben"]
[WhiteFideId "4409477"]
[BlackFideId "204439"]
[WhiteElo "2281"]
[BlackElo "2420"]
[Result "1-0"]
[Round "8"]
[TimeControl "180+1"]
[Date "2023.11.14"]
[WhiteClock "0:01:12"]
[BlackClock "0:00:27"]
[Board "100"]

1. d4 Nf6 2. Bg5 g6 3. Bxf6 exf6 4. g3 Bg7 5. Bg2 O-O 6. e3 d6 7. Ne2 Re8 8. O-O Nd7 9. c4 f5 10. b4 Nf6 11. Nbc3 Ne4 12. Nxe4 fxe4 13. Nc3 f5 14. a4 Be6 15. Qb3 Bf7 16. a5 a6 17. Rfc1 Qd7 18. Nd5 Rac8 19. Bf1 h5 20. b5 axb5 21. cxb5 h4 22. Bc4 Kh8 23. a6 bxa6 24. bxa6 Ra8 25. a7 f4 26. Bb5 Qg4 27. exf4 Rec8 28. Bc6 h3 29. Bxa8 Rxa8 30. Ra3 e3 31. Nxe3 Qd7 32. Qb7 1-0


[Site "https://www.chess.com"]

[Event "Titled Tuesday Blitz November 14 Late 2023"]
[White "Aarakan, J"]
[Black "Marchesich, Giovanni"]
[WhiteFideId "9946276"]
[BlackFideId "2824790"]
[WhiteElo "2236"]
[BlackElo "2397"]
[Result "1/2-1/2"]
[Round "8"]
[TimeControl "180+1"]
[Date "2023.11.14"]
[WhiteClock "0:01:03"]
[BlackClock "0:01:20"]
[Board "101"]

1. e4 e5 2. Nf3 d5 3. Nxe5 Bd6 4. d4 dxe4 5. Bc4 Bxe5 6. dxe5 Qxd1+ 7. Kxd1 Nc6 8. Bf4 Nge7 9. Re1 Bf5 10. Nc3 Ng6 11. Bg3 Ncxe5 12. Bb3 O-O-O+ 13. Kc1 Rhe8 14. h4 h5 15. Nd5 Be6 16. Nf4 Bxb3 17. axb3 Kb8 18. Nxh5 f5 19. Bxe5 Rxe5 20. Nxg7 f4 21. Ra4 e3 22. fxe3 fxe3 23. h5 Nf8 24. g4 Nh7 25. Nf5 e2 26. Rf4 Red5 27. Ne3 Ra5 28. Kb1 Re5 29. Rxe2 Rde8 30. Rf3 Ng5 31. Rg3 Ne4 32. Rf3 Ng5 33. Rg3 Ne4 34. Rf3 Ng5 1/2-1/2


[Site "https://www.chess.com"]

[Event "Titled Tuesday Blitz November 14 Late 2023"]
[White "RodokininEV"]
[Black "Minina, Veronika"]
[BlackFideId "4174780"]
[WhiteElo "2493"]
[BlackElo "2278"]
[Result "1-0"]
[Round "8"]
[TimeControl "180+1"]
[Date "2023.11.14"]
[WhiteClock "0:01:21"]
[BlackClock "0:00:14"]
[Board "102"]

1. d4 Nf6 2. c4 g6 3. Nc3 Bg7 4. Nf3 d6 5. e4 O-O 6. Be2 Bg4 7. Be3 Nfd7 8. Ng1 Bxe2 9. Ngxe2 c5 10. O-O cxd4 11. Bxd4 Nc6 12. Bxg7 Kxg7 13. Rc1 a5 14. b3 Nc5 15. Nd4 Kg8 16. Kh1 Qb6 17. Nd5 Qd8 18. f3 a4 19. b4 Nxd4 20. Qxd4 Ne6 21. Qd3 Nc7 22. Nc3 Ne6 23. Qe3 Qd7 24. Rfd1 Qc6 25. Nd5 Rfe8 26. a3 Rac8 27. h3 b5 28. cxb5 Qb7 29. b6 Nf8 30. Rc7 Rxc7 31. bxc7 e6 32. Nf6+ Kh8 33. Nxe8 1-0


[Site "https://www.chess.com"]

[Event "Titled Tuesday Blitz November 14 Late 2023"]
[White "Buchenau, Frank"]
[Black "Broca Jimenez, Fernando"]
[WhiteFideId "4604350"]
[BlackFideId "5104742"]
[WhiteElo "2405"]
[BlackElo "2206"]
[Result "1-0"]
[Round "8"]
[TimeControl "180+1"]
[Date "2023.11.14"]
[WhiteClock "0:01:22"]
[BlackClock "0:00:41"]
[Board "103"]

1. e4 c5 2. Nf3 d6 3. Bb5+ Nd7 4. O-O g6 5. Re1 Bg7 6. c3 Nf6 7. d4 O-O 8. e5 dxe5 9. dxe5 Ng4 10. e6 fxe6 11. Qe2 Nb6 12. Ng5 e5 13. Bc4+ e6 14. Qxg4 Nxc4 15. Qxc4 Qe7 16. Be3 b6 17. Na3 Bb7 18. Qxe6+ Qxe6 19. Nxe6 Rfe8 20. Nc7 Rad8 21. Nxe8 Rxe8 22. Rad1 1-0


[Site "https://www.chess.com"]

[Event "Titled Tuesday Blitz November 14 Late 2023"]
[White "Darko-Dimitrijevic"]
[Black "Su, Dion"]
[BlackFideId "2029731"]
[WhiteElo "2191"]
[BlackElo "2395"]
[Result "0-1"]
[Round "8"]
[TimeControl "180+1"]
[Date "2023.11.14"]
[WhiteClock "0:00:43"]
[BlackClock "0:01:36"]
[Board "104"]

1. e4 e6 2. d4 d5 3. exd5 exd5 4. Nf3 Bd6 5. Bd3 Ne7 6. O-O Nbc6 7. Bg5 f6 8. Bh4 Bg4 9. h3 Bh5 10. c3 Qd7 11. Nbd2 O-O-O 12. Bg3 g5 13. Bxd6 Qxd6 14. b4 Rdg8 15. b5 Nd8 16. Qa4 g4 17. hxg4 Rxg4 18. Nh2 Rg7 19. Kh1 Bg6 20. Be2 Kb8 21. Ndf3 Ne6 22. g3 h5 23. Nh4 Be4+ 24. f3 Qxg3 0-1


[Site "https://www.chess.com"]

[Event "Titled Tuesday Blitz November 14 Late 2023"]
[White "Hoffmann, Asa"]
[Black "campochess"]
[WhiteFideId "2001470"]
[WhiteElo "2388"]
[BlackElo "2185"]
[Result "1-0"]
[Round "8"]
[TimeControl "180+1"]
[Date "2023.11.14"]
[WhiteClock "0:01:28"]
[BlackClock "0:00:58"]
[Board "105"]

1. d4 Nf6 2. Bg5 e6 3. Nd2 d5 4. e3 Be7 5. Bd3 Nbd7 6. f4 c5 7. c3 cxd4 8. exd4 Nf8 9. Ngf3 Ng6 10. Ne5 O-O 11. O-O Bd7 12. Qe2 Bc6 13. f5 exf5 14. Bxf5 Ne4 15. Bxe7 Qxe7 16. Nxe4 dxe4 17. Nxc6 bxc6 18. Qxe4 Qc7 19. Bxg6 hxg6 20. Rae1 Rad8 21. b4 Rd7 22. h3 a5 23. a3 axb4 24. axb4 Rd5 25. Rf3 Qd7 26. Qe7 Qc8 27. Ref1 Qd7 28. Rxf7 Qxe7 29. Rxe7 Rxf1+ 30. Kxf1 Rd6 31. Ke2 Kf8 32. Re5 Kf7 33. Kd3 Rf6 34. c4 Rf2 35. Re2 Rf1 36. Rb2 Ke6 37. b5 cxb5 38. cxb5 Kd6 39. b6 Rf8 40. b7 Rb8 41. h4 Kc7 42. Ke4 Re8+ 43. Kf4 Kb8 44. d5 Re1 45. Kg5 Re5+ 46. Kxg6 Rxd5 47. g4 Rd4 48. Kh5 Rd7 49. g5 Rd6 50. Kg4 g6 51. Rb4 Rc6 52. h5 gxh5+ 53. Kxh5 Rc7 54. g6 1-0


[Site "https://www.chess.com"]

[Event "Titled Tuesday Blitz November 14 Late 2023"]
[White "Ghosh, Chanchal Kumer"]
[Black "Kujawski, Adam"]
[WhiteFideId "10201858"]
[BlackFideId "1100920"]
[WhiteElo "2172"]
[BlackElo "2386"]
[Result "0-1"]
[Round "8"]
[TimeControl "180+1"]
[Date "2023.11.14"]
[WhiteClock "0:00:00"]
[BlackClock "0:00:15"]
[Board "106"]

1. e4 e5 2. Nf3 Nc6 3. Bc4 Nf6 4. Ng5 d5 5. exd5 Na5 6. Bb5+ c6 7. dxc6 bxc6 8. Qf3 Be7 9. Bxc6+ Nxc6 10. Qxc6+ Bd7 11. Qc4 O-O 12. Nc3 Rc8 13. Qd3 h6 14. h4 e4 15. Ngxe4 Nxe4 16. Nxe4 f5 17. Nc3 Bxh4 18. O-O f4 19. Re1 f3 20. Qd5+ Kh8 21. Ne4 fxg2 22. d3 Rxf2 23. Nxf2 Bxf2+ 24. Kxf2 Qh4+ 25. Ke2 Bg4+ 26. Kd2 Qf2+ 0-1


[Site "https://www.chess.com"]

[Event "Titled Tuesday Blitz November 14 Late 2023"]
[White "Kuegel, Tobias"]
[Black "Novikova, Margarita"]
[WhiteFideId "4636295"]
[BlackFideId "14109689"]
[WhiteElo "2358"]
[BlackElo "2172"]
[Result "0-1"]
[Round "8"]
[TimeControl "180+1"]
[Date "2023.11.14"]
[WhiteClock "0:00:00"]
[BlackClock "0:00:43"]
[Board "107"]

1. e4 d5 2. exd5 Qxd5 3. Nc3 Qd6 4. Nf3 Nf6 5. d4 c6 6. g3 Bg4 7. Bg2 Nbd7 8. O-O e6 9. h3 Bh5 10. a3 Qc7 11. Re1 Bd6 12. d5 cxd5 13. Nxd5 Nxd5 14. Qxd5 Bg6 15. Nh4 Rb8 16. Nxg6 hxg6 17. Bg5 O-O 18. Qd2 Nb6 19. b3 f6 20. Rxe6 Rbd8 21. Be3 Be5 22. Bxb6 axb6 23. Bd5 Qc5 24. Rxe5+ Kh7 25. b4 Qd6 26. Re6 Qxe6 27. c4 Qe5 28. Re1 Qc7 29. Re4 g5 30. Qe2 Kh6 31. h4 g6 32. Qe3 Rd7 33. Re6 Rff7 0-1


[Site "https://www.chess.com"]

[Event "Titled Tuesday Blitz November 14 Late 2023"]
[White "Michalski, Olaf"]
[Black "Gerbelli Neto, Eduardo"]
[WhiteFideId "1106740"]
[BlackFideId "2103281"]
[WhiteElo "2161"]
[BlackElo "2330"]
[Result "1-0"]
[Round "8"]
[TimeControl "180+1"]
[Date "2023.11.14"]
[WhiteClock "0:00:12"]
[BlackClock "0:00:17"]
[Board "108"]

1. d4 d5 2. c4 c6 3. cxd5 cxd5 4. Nc3 Nf6 5. Nf3 Nc6 6. Bf4 Bf5 7. e3 e6 8. Ne5 Nd7 9. Nxc6 bxc6 10. a3 g5 11. Bg3 Be7 12. Bd3 Bg6 13. O-O O-O 14. Na4 c5 15. dxc5 Nxc5 16. Nxc5 Bxc5 17. Rc1 Qb6 18. Bxg6 hxg6 19. Qg4 Be7 20. Be5 f6 21. Bd4 Qa6 22. Rc7 Rf7 23. Rxe7 Rxe7 24. Bxf6 Rh7 25. Qxg5 Kf7 26. Bd4 e5 27. Qxe5 Qe6 28. Qc7+ Kg8 29. Qa5 Rb8 30. Rc1 Qd6 31. h3 Rf7 32. b4 Qe6 33. Rc5 Qf5 34. f4 Qb1+ 35. Kh2 Qe4 36. Rxd5 Re8 37. Rg5 Kh7 38. Rh5+ gxh5 39. Qxh5+ Kg8 40. Qh8# 1-0


[Site "https://www.chess.com"]

[Event "Titled Tuesday Blitz November 14 Late 2023"]
[White "AndresDelgado77"]
[Black "Curtis, John"]
[BlackFideId "3200256"]
[WhiteElo "2325"]
[BlackElo "2170"]
[Result "0-1"]
[Round "8"]
[TimeControl "180+1"]
[Date "2023.11.14"]
[WhiteClock "0:00:00"]
[BlackClock "0:00:14"]
[Board "109"]

1. e4 c5 2. Nf3 d6 3. d4 cxd4 4. Qxd4 Bd7 5. Bg5 Qa5+ 6. Nc3 Nc6 7. Qd2 Bg4 8. Bc4 Bxf3 9. gxf3 e6 10. Bf4 Rd8 11. O-O-O a6 12. Kb1 Nf6 13. Bb3 Be7 14. Rhg1 Kf8 15. Rg5 Qc7 16. Rdg1 g6 17. h4 Ne5 18. R5g3 b5 19. Bh6+ Ke8 20. f4 Nc4 21. Qd4 e5 22. Qd3 exf4 23. Bxf4 Ne5 24. Qe2 b4 25. Ba4+ Nfd7 26. Nd5 Qa5 27. Bb3 Bxh4 28. Re3 Be7 0-1


[Site "https://www.chess.com"]

[Event "Titled Tuesday Blitz November 14 Late 2023"]
[White "Winkels, Marcel"]
[Black "Harish, Neeraj"]
[WhiteFideId "1003887"]
[BlackFideId "30958130"]
[WhiteElo "2086"]
[BlackElo "2323"]
[Result "1-0"]
[Round "8"]
[TimeControl "180+1"]
[Date "2023.11.14"]
[WhiteClock "0:00:56"]
[BlackClock "0:00:06"]
[Board "111"]

1. e4 c5 2. Nf3 Nc6 3. d4 cxd4 4. Nxd4 e5 5. Nb5 d6 6. c4 Be6 7. Be2 a6 8. N5c3 g6 9. O-O Bg7 10. Be3 Nf6 11. Na3 O-O 12. Qd2 Nh5 13. Bxh5 gxh5 14. Rad1 Nd4 15. b3 Kh8 16. Nc2 Nxc2 17. Qxc2 Rg8 18. Qd2 Bf6 19. Qxd6 Qa5 20. Nd5 Bg5 21. a4 Bh3 22. Bb6 Bf4 23. g3 Qxb6 24. Nxb6 Bxf1 25. Nxa8 1-0


[Site "https://www.chess.com"]

[Event "Titled Tuesday Blitz November 14 Late 2023"]
[White "Gyulamiryan-koryun"]
[Black "Bazzano, Sebastian"]
[BlackFideId "104566"]
[WhiteElo "1897"]
[BlackElo "2303"]
[Result "0-1"]
[Round "8"]
[TimeControl "180+1"]
[Date "2023.11.14"]
[WhiteClock "0:00:00"]
[BlackClock "0:00:11"]
[Board "112"]

1. e4 e6 2. d4 d5 3. Nd2 dxe4 4. Nxe4 Bd7 5. c4 Bc6 6. Nc3 Nf6 7. Nf3 Be7 8. Ne5 O-O 9. Nxc6 Nxc6 10. Be3 Qd7 11. Qd2 Rad8 12. Rd1 Ng4 13. Be2 Nxe3 14. fxe3 e5 15. Nd5 Bh4+ 16. g3 Bg5 17. dxe5 Qh3 18. Bf1 Qe6 19. Nxc7 Rxd2 20. Nxe6 Rxd1+ 21. Kxd1 fxe6 22. Bh3 Re8 23. Ke2 Nxe5 24. b3 Bf6 25. Rd1 Kf7 26. Rd6 Rd8 27. c5 Rxd6 28. cxd6 Nd7 29. e4 Be5 30. Ke3 Bxd6 31. Kd4 Bc5+ 32. Kc4 Bg1 33. Bg2 Bxh2 0-1


[Site "https://www.chess.com"]

[Event "Titled Tuesday Blitz November 14 Late 2023"]
[White "Burke, Paul"]
[Black "Floresvillar Gonzalez, Luis Migu"]
[WhiteFideId "2605767"]
[BlackFideId "5100542"]
[WhiteElo "1858"]
[BlackElo "2213"]
[Result "0-1"]
[Round "8"]
[TimeControl "180+1"]
[Date "2023.11.14"]
[WhiteClock "0:00:00"]
[BlackClock "0:00:34"]
[Board "113"]

1. e4 c6 2. d4 d5 3. Nc3 dxe4 4. f3 e3 5. Bxe3 Bf5 6. Bd3 Bxd3 7. Qxd3 e6 8. O-O-O Bb4 9. Nge2 Nf6 10. a3 Bd6 11. Ne4 Nxe4 12. fxe4 Nd7 13. e5 Be7 14. Ng3 Qa5 15. Ne4 O-O-O 16. Qb3 Qb6 17. Qxb6 Nxb6 18. c3 Nc4 19. Bf2 b5 20. Rhe1 h6 21. Kc2 Bg5 22. Nxg5 hxg5 23. h3 g4 24. hxg4 Rh2 25. b3 Nxa3+ 26. Kb2 Rxg2 27. Re2 b4 28. cxb4 Nb5 29. Rdd2 Nxd4 30. Bxd4 Rxe2 31. Rxe2 Rxd4 32. Rf2 Rd7 33. Kc3 Kd8 34. Rh2 Ke7 35. Rh7 g6 36. Kc4 Rd5 37. Rh8 a5 0-1


[Site "https://www.chess.com"]

[Event "Titled Tuesday Blitz November 14 Late 2023"]
[White "DAVIDHDZSTS"]
[Black "Ocelak, Jakub"]
[BlackFideId "23707933"]
[WhiteElo "1875"]
[BlackElo "2498"]
[Result "1/2-1/2"]
[Round "8"]
[TimeControl "180+1"]
[Date "2023.11.14"]
[WhiteClock "0:00:04"]
[BlackClock "0:00:15"]
[Board "114"]

1. d4 f5 2. Nc3 Nf6 3. Bg5 d6 4. Bxf6 exf6 5. e3 Nc6 6. Qf3 g6 7. Bb5 Bd7 8. Nge2 a6 9. Bc4 b5 10. Bd5 Nb4 11. Bxa8 Nxc2+ 12. Kd2 Nxa1 13. Rxa1 Bh6 14. Bc6 O-O 15. Qd5+ Kg7 16. Rc1 Bxc6 17. Qxc6 Re8 18. Nd5 Re4 19. Qxc7+ Qxc7 20. Rxc7+ Kf8 21. Nxf6 Re6 22. Nd5 g5 23. Rxh7 Bg7 24. Rh5 f4 25. exf4 gxf4 26. Nexf4 Re4 27. Rf5+ Ke8 28. Ne2 Bh6+ 29. Kd3 Rh4 30. Nf6+ Ke7 31. Nd5+ Ke6 32. Ne3 Bxe3 33. fxe3 Kxf5 34. h3 Rh8 35. Ng3+ Kf6 36. Ne4+ Ke6 37. b3 Rg8 38. g3 a5 39. h4 d5 40. Nc5+ Ke7 41. Nb7 a4 42. h5 Rxg3 43. bxa4 bxa4 44. Nc5 a3 45. Nb3 Rh3 46. Nd2 Rxh5 47. Nb1 Rh2 48. Nxa3 Rxa2 49. Nb5 Ra5 50. Nc3 Kd6 51. Ne2 Ra3+ 52. Nc3 Ke6 53. Kc2 Kf5 54. Kb2 Ra5 55. Kc2 Kg4 56. Kd3 Kf3 57. Kd2 Ra3 58. Kd3 1/2-1/2


[Site "https://www.chess.com"]

[Event "Titled Tuesday Blitz November 14 Late 2023"]
[White "Dahlgren, James Allen"]
[Black "Perry, Patrick"]
[WhiteFideId "22256873"]
[BlackFideId "30917727"]
[WhiteElo "2141"]
[BlackElo "2249"]
[Result "0-1"]
[Round "8"]
[TimeControl "180+1"]
[Date "2023.11.14"]
[WhiteClock "0:01:40"]
[BlackClock "0:02:27"]
[Board "115"]

1. e4 c5 2. c4 Nc6 3. Nc3 g6 4. f4 Bg7 5. Nf3 Nd4 6. d3 d6 7. Be3 e6 8. Be2 Ne7 9. O-O O-O 10. h3 a6 11. a4 Rb8 12. g4 Nec6 13. Qd2 Nb3 14. Qe1 Nxa1 15. Qxa1 f5 16. g5 Nd4 17. Bxd4 cxd4 18. Nd1 e5 19. fxe5 dxe5 20. Nf2 fxe4 21. dxe4 d3 22. Nxd3 Bxh3 23. Rd1 Qc7 24. b3 Rbe8 25. Nb4 Bg4 26. Qc3 Bxf3 27. Bxf3 Qe7 28. Qd2 Rxf3 29. Nd5 Rg3+ 30. Kh2 Qxg5 0-1


[Site "https://www.chess.com"]

[Event "Titled Tuesday Blitz November 14 Late 2023"]
[White "Vila Dupla, Aurelio"]
[Black "katharinareinecke"]
[WhiteFideId "2203383"]
[WhiteElo "2200"]
[BlackElo "1968"]
[Result "1-0"]
[Round "8"]
[TimeControl "180+1"]
[Date "2023.11.14"]
[WhiteClock "0:00:05"]
[BlackClock "0:00:00"]
[Board "116"]

1. Nf3 d5 2. d4 Nf6 3. c4 c6 4. cxd5 cxd5 5. Nc3 e6 6. Bf4 Nc6 7. e3 Bd6 8. Bxd6 Qxd6 9. Bd3 O-O 10. O-O a6 11. Rc1 b5 12. Bb1 Bb7 13. Qe2 Na5 14. b3 Nc6 15. Qd2 Rfc8 16. Ne2 Ne4 17. Qb2 Nb4 18. Ne5 f6 19. Nd3 Nxd3 20. Bxd3 f5 21. f3 Nf6 22. Rxc8+ Rxc8 23. Rc1 Qd7 24. Rc2 b4 25. Qc1 Rxc2 26. Qxc2 a5 27. Nf4 Bc6 28. Qc5 g5 29. Nh3 g4 30. Nf2 gxf3 31. gxf3 Qg7+ 32. Kf1 Be8 33. Qc8 Kf7 34. Qc7+ Bd7 35. Qxa5 Qg6 36. Qxb4 Qh6 37. a4 Qxe3 38. Be2 Qc1+ 39. Nd1 Qh6 40. a5 Qxh2 41. a6 Qh1+ 42. Kf2 Qh2+ 43. Ke3 Qg1+ 44. Kd3 h5 45. a7 Bc6 46. Qc5 Ba8 47. Qc8 Qg6 48. Qxa8 f4+ 49. Kc3 Qg1 50. Qb7+ Kg6 51. a8=Q Qe1+ 52. Kb2 Qd2+ 53. Ka3 Qc1+ 54. Kb4 Qd2+ 55. Kb5 Qxe2+ 56. Kb6 Qxd1 57. Qac8 Qxb3+ 58. Kc7 Qc3+ 59. Kb8 Qxd4 60. Qcc6 Qe3 61. Qbc7 Qxf3 62. Q6b7 h4 63. Qg7+ Kf5 64. Qbf7 Qb3+ 65. Kc8 1-0


[Site "https://www.chess.com"]

[Event "Titled Tuesday Blitz November 14 Late 2023"]
[White "Feliz Dotel, Dewar Bienvenido"]
[Black "Clawitter, Craig"]
[WhiteFideId "6402801"]
[BlackFideId "2023105"]
[WhiteElo "2115"]
[BlackElo "2253"]
[Result "0-1"]
[Round "8"]
[TimeControl "180+1"]
[Date "2023.11.14"]
[WhiteClock "0:00:55"]
[BlackClock "0:00:16"]
[Board "117"]

1. d4 e6 2. e3 Nf6 3. Nf3 c5 4. dxc5 Bxc5 5. c4 O-O 6. Be2 b6 7. O-O Bb7 8. a3 a5 9. b3 d5 10. cxd5 Nxd5 11. Bb2 Nd7 12. Nc3 Nxc3 13. Bxc3 Rc8 14. Bb2 Qe7 15. a4 Rfd8 16. Rc1 Ne5 17. Bd4 Nxf3+ 18. Bxf3 e5 19. Bxc5 Rxd1 20. Bxe7 Rdxc1 21. Bxb7 Rxf1+ 22. Kxf1 Rc7 23. Bd5 Rxe7 24. e4 Rc7 25. g4 Kf8 26. h4 f6 27. Ke2 Ke7 28. h5 Kd6 29. f4 exf4 30. Kf3 Ke5 31. Bc4 Rxc4 32. bxc4 g6 33. g5 fxg5 34. h6 Kd4 35. Kg4 Kxe4 36. Kxg5 f3 37. Kf6 f2 38. Kg7 f1=Q 39. Kxh7 Qf5 40. Kg7 Qh5 41. h7 g5 42. h8=Q Qxh8+ 43. Kxh8 g4 44. Kg7 Kd4 45. Kf6 Kxc4 46. Ke6 Kb4 0-1


[Site "https://www.chess.com"]

[Event "Titled Tuesday Blitz November 14 Late 2023"]
[White "Travadon, Loic"]
[Black "Tsukerman, Julia"]
[WhiteFideId "26092131"]
[BlackFideId "2621649"]
[WhiteElo "2176"]
[BlackElo "2142"]
[Result "1-0"]
[Round "8"]
[TimeControl "180+1"]
[Date "2023.11.14"]
[WhiteClock "0:01:00"]
[BlackClock "0:00:00"]
[Board "118"]

1. e4 c5 2. Nf3 d6 3. d4 cxd4 4. Nxd4 Nf6 5. Nc3 a6 6. Be2 e5 7. Nb3 Be6 8. Be3 Be7 9. Nd5 Bxd5 10. exd5 Nbd7 11. O-O O-O 12. f4 Rc8 13. c3 exf4 14. Rxf4 Nb6 15. c4 Nfd7 16. Na5 Qc7 17. b4 Ne5 18. Rc1 Bg5 19. Re4 Bxe3+ 20. Rxe3 Rfe8 21. Kh1 Qe7 22. Qd4 Nbd7 23. Nxb7 Rb8 24. Na5 Qg5 25. Rf1 Rxb4 26. Nc6 Rb7 27. h4 Qg6 28. Bd3 Qh5 29. Bc2 Rf8 30. Rf5 Qg4 31. Rfxe5 1-0


[Site "https://www.chess.com"]

[Event "Titled Tuesday Blitz November 14 Late 2023"]
[White "Desideri, Ricardo Maruchi"]
[Black "Mariia89"]
[WhiteFideId "2110440"]
[WhiteElo "1981"]
[BlackElo "2149"]
[Result "0-1"]
[Round "8"]
[TimeControl "180+1"]
[Date "2023.11.14"]
[WhiteClock "0:00:00"]
[BlackClock "0:00:03"]
[Board "119"]

1. e4 c6 2. d4 d5 3. e5 Bf5 4. h4 h5 5. Bd3 Bxd3 6. Qxd3 e6 7. Bg5 Be7 8. Nf3 c5 9. dxc5 Qa5+ 10. c3 Qxc5 11. Nbd2 Nc6 12. O-O Bxg5 13. hxg5 Nge7 14. b4 Qb6 15. b5 Na5 16. a4 Rc8 17. Rac1 Qc7 18. Rfd1 Nf5 19. c4 Nxc4 20. Nxc4 dxc4 21. Qa3 Qe7 22. Qa2 Qc5 23. Nd2 c3 24. Ne4 Qxe5 25. Re1 Qd4 26. Rcd1 Qb4 27. g6 Qc4 28. gxf7+ Kxf7 29. Qc2 Rhe8 30. Rd7+ Re7 31. Ng5+ Kf8 32. Rxe7 Nxe7 33. Nxe6+ Kf7 34. Ng5+ Kg8 0-1


[Site "https://www.chess.com"]

[Event "Titled Tuesday Blitz November 14 Late 2023"]
[White "Freeeeeeeeeeeeeeeeee"]
[Black "Quirke, Jeffrey"]
[BlackFideId "2013029"]
[WhiteElo "2031"]
[BlackElo "2245"]
[Result "1-0"]
[Round "8"]
[TimeControl "180+1"]
[Date "2023.11.14"]
[WhiteClock "0:00:54"]
[BlackClock "0:00:09"]
[Board "120"]

1. a3 g6 2. h4 h5 3. g3 Bg7 4. Bg2 c6 5. d4 d5 6. Bg5 Nf6 7. Nd2 Bf5 8. e3 Nbd7 9. c4 O-O 10. Ne2 Re8 11. Nc3 e6 12. O-O Qc7 13. cxd5 exd5 14. Bf4 Qd8 15. b4 a5 16. b5 c5 17. Nxd5 Nxd5 18. Bxd5 cxd4 19. e4 Nc5 20. Bxf7+ Kxf7 21. exf5 Qd5 22. f6 Bf8 23. Nf3 Ne4 24. Nxd4 Rad8 25. Nf3 Bc5 26. Qxd5+ Rxd5 27. Ng5+ Nxg5 28. hxg5 h4 29. gxh4 Re4 30. Bg3 Rd3 31. Kh2 Bxa3 32. Rfd1 Red4 33. Rxd3 Rxd3 34. Re1 a4 35. Re4 Bd6 36. Bxd6 Rxd6 37. Re7+ Kf8 38. Rxb7 1-0


[Site "https://www.chess.com"]

[Event "Titled Tuesday Blitz November 14 Late 2023"]
[White "PapaieDudu"]
[Black "Smirnov, Timofey"]
[BlackFideId "24176427"]
[WhiteElo "2386"]
[BlackElo "2085"]
[Result "0-1"]
[Round "8"]
[TimeControl "180+1"]
[Date "2023.11.14"]
[WhiteClock "0:00:48"]
[BlackClock "0:00:05"]
[Board "121"]

1. e4 e5 2. Nf3 Nf6 3. Nc3 Bb4 4. Bc4 O-O 5. Nxe5 Bxc3 6. dxc3 d6 7. Nxf7 Rxf7 8. Bxf7+ Kxf7 9. O-O Nc6 10. Bg5 Kg8 11. f4 Qf8 12. Qd3 h6 13. Bh4 Nd7 14. e5 Nc5 15. Qe3 Bf5 16. exd6 Qxd6 17. Rad1 Qf8 18. b4 Ne4 19. g4 Bxg4 20. Qxe4 Bxd1 21. Rxd1 Re8 22. Qc4+ Kh8 23. b5 Nd8 24. Qxc7 Ne6 25. Qxb7 Qxf4 26. Qd7 Qg4+ 27. Bg3 Rd8 28. Qxd8+ Nxd8 29. Rxd8+ Kh7 30. Kf2 Qf5+ 31. Kg2 Qf6 32. Rc8 Qb6 33. c4 Qe6 34. a4 Qxc8 35. c5 Qxc5 36. Bf2 Qxc2 37. a5 Qb3 38. b6 axb6 39. Bxb6 Qb5 40. Kg3 Kg8 41. h3 Kf7 42. h4 Ke8 43. Kg4 Kd7 44. h5 Kc8 45. Kh4 Kb7 46. Kg4 Ka6 47. Bd4 Qg5+ 48. Kf3 Qxh5+ 49. Ke4 Qg4+ 50. Kd3 h5 51. Bf2 h4 52. Ke3 h3 0-1


[Site "https://www.chess.com"]